Mourne, chaotic male orcish Priest ------------- |`.....fB..`| |.....@r'...- |.. -----...| | |...| |`..| |...| -...| .... ...`| ------ Mourne the Acolyte Experience level: 5 Strength: 12 Dexterity: 10 Constitution: 16 Intelligence: 11 Wisdom: 16 Charisma: 11 Health: 0(35) Energy: 14(52) Def: 14 Gold: 114 Moves: 2561 Dungeon seed: H8_pnOEiVsnWoXh8 Game ID: Mourne_1520558707 Your Inventory: Coins $ - 114 gold pieces Amulets r - a cursed amulet of restful sleep Weapons a - a blessed +1 mace (weapon in hand) Armor e - an uncursed +0 robe (being worn) n - a blessed +0 orcish shield Comestibles c - an uncursed clove of garlic d - an uncursed sprig of wolfsbane i - 2 uncursed food rations j - 2 uncursed slime molds w - an uncursed partly eaten lichen corpse Scrolls u - 2 uncursed scrolls of blank paper v - 2 blessed scrolls of blank paper Potions b - 4 potions of holy water k - a cursed potion of monster detection l - an uncursed potion of fruit juice p - an uncursed potion of enlightenment t - an uncursed potion of extra healing x - an uncursed potion of wonder Rings m - a cursed ring of hunger o - an uncursed ring of stealth (on left hand) s - an uncursed ring of teleport control (on right hand) Tools h - an uncursed oil lamp (0:1188) Spells and supernatural/magical abilities: Spells marked with '!' are maintained. Name Level Category Fail Memory p - protection 1 ! clerical 0% 97% x - extra healing 3 healing 88% 97% W - pray for help -- divine ? -- X - turn undead -- divine ? -- Your skills at the end: Fighting Skills wands [Basic] Weapon Skills mace [Basic] Spellcasting Skills clerical spells [Basic] Final Attributes: You were immune to poison. You had infravision. You were stealthy. You could teleport. You had teleport control. You were protected. You last prayed 8 turns ago. You are dead. Vanquished creatures: 15 leprechauns a rock piercer a rock mole a pony a fog cloud a shrieker a gnome lord a straw golem a paper golem 3 giant ants a little dog a kitten a rothe a rabid rat a wererat 2 werejackals 2 iguanas 2 acid blobs a coyote 2 gas spores a hobbit 2 manes 3 giant rats 2 yellow molds a green mold 4 garter snakes a gnome zombie 5 jackals 4 foxes 3 kobolds 6 sewer rats a grid bug a bat 7 lichens 2 kobold zombies 6 newts 89 creatures vanquished. Voluntary challenges: You had been an atheist until turn 2550. You used a wielded weapon 63 times, starting on turn 95. You read items or engraved 14 times, starting on turn 449. You never genocided any monsters. You never polymorphed an object. You never changed form. You used no wishes. You never split a pudding. You wrote Elbereth's name 1 time, starting on turn 2312. You never violated your personal moral code. Dungeon overview: The Dungeons of Doom: levels 1 to 8 Level 1 a fountain a long staircase Level 2 a potion shop Level 3 a general store, an altar to Tyr, a vault a long staircase Level 4 Level 5 Level 6 an altar to Tyr, a fountain, a vault Level 7 a vault Level 8 <- You were here History has recorded: On T:1 you entered the Dungeons of Doom to retrieve the Amulet of Yendor! On T:448 you reached level 2 of The Dungeons of Doom. On T:733 you reached level 3 of The Dungeons of Doom. On T:774 you advanced to experience level 2. On T:982 you reached level 4 of The Dungeons of Doom. On T:1307 you reached level 5 of The Dungeons of Doom. On T:1593 you reached level 6 of The Dungeons of Doom. On T:1862 you advanced to experience level 3. On T:1915 you advanced to experience level 4. On T:2138 you reached level 7 of The Dungeons of Doom. On T:2528 you reached level 8 of The Dungeons of Doom. On T:2536 you advanced to experience level 5. Score breakdown: Gold: 114 ( 7009 points) Experience: 5 levels (11141 points) Exploration: 8 levels ( 17.02%) (11702 points) Discoveries: 0 items ( 0.00%) ( 0 points) Valuables value: (no points given unless you survive) Artifact value: 0 ( 0 points) Variety of kills: 36 monsters ( 9.47%) ( 9233 points) Turncount: 2561 turns ( -366 points) Survival: died (score multiplied by 80%) Total score: 30975 Latest messages: The rabid rat bites! You miss the jaguar. The jaguar misses. (3x) The rabid rat misses. The jaguar misses. (2x) The jaguar just misses! You hit the jaguar. The jaguar misses. The jaguar hits! The jaguar bites! The rabid rat just misses! You miss the jaguar. The jaguar hits! (2x) The jaguar misses. The rabid rat misses. You miss the jaguar. The jaguar hits! (2x) The jaguar bites! The rabid rat bites! You hit the jaguar. The jaguar hits! (2x) You die... Final status: Goodbye Mourne the Priest, killed by a jaguar... You died in The Dungeons of Doom on dungeon level 8 with 30975 points, and 114 pieces of gold, after 2561 moves. You were level 5 with a maximum of 35 hit points when you died.